Map: Catalyst LE

Players

SpeCial - Winner!

  • Race: Terran Terran
  • Spawn Location: 11:00

kauP

  • Race: Terran Terran
  • Spawn Location: 5:00

Event: WCS Leipzig 2018

VOD

Have the link to the VOD?

Description

Time

  • Played on: Jan. 26, 2018, 12:55 p.m.
  • Length: 6:50

All games in this series

Show
View Real Time Build Order
Export as new Build Order

SpeCial Terran - Winner!

Build Orders: 1/1/1, Liberator Opening 

Get SALT Encoding   

  12  0:00  SCV  
  13  0:13  SCV  
  14  0:17  Supply Depot  
  14  0:25  SCV  
  14  0:28  Refinery  
  15  0:39  SCV  
  16  0:45  Barracks  
  16  0:51  SCV  
  16  0:55  Refinery  
  17  1:03  SCV  
  18  1:15  SCV  
  20  1:33  Orbital Command, Reaper  
  20  1:39  Factory  
  20  1:54  Supply Depot  
  20  2:00  SCV  
  22  2:08  Marine  
  22  2:12  SCV  
  25  2:23  Hellion, Starport  
  25  2:26  Marine  
  25  2:27  SCV  
  26  2:39  SCV  
  26  2:47  Hellion, Marine  
  26  2:51  SCV  
  26  2:53  Liberator  
  26  2:56  Supply Depot  
  25  3:03  SCV  
  25  3:04  Marine  
  29  3:16  SCV  
  30  3:21  Hellion  
  32  3:28  SCV  
  32  3:34  Marine  
  32  3:39  Supply Depot  
  32  3:40  SCV  
  34  3:52  Cyclone  
  34  3:53  SCV  
  38  3:56  Starport Tech Lab  
  38  4:05  SCV  
  38  4:13  Barracks Reactor  
  38  4:17  SCV  
  37  4:28  Banshee, Cloaking Field  
  37  4:29  SCV  
  39  4:34  Cyclone  
  42  4:41  SCV  
  38  4:57  Command Center  
  38  4:59  SCV  
  39  5:12  Cyclone  
  39  5:13  Cyclone  
  45  5:16  Supply Depot  
  45  5:28  Banshee  
  48  5:29  SCV  
  49  5:41  SCV  
  50  5:46  Cyclone  
  53  5:53  SCV  
  51  6:05  SCV  
  55  6:11  Cyclone  
  55  6:17  SCV, Orbital Command  
  53  6:29  SCV  
  59  6:47  Supply Depot  
Show
View Real Time Build Order
Export as new Build Order

kauP Terran 

Build Orders:  

Get SALT Encoding   

  12  0:00  SCV  
  13  0:12  SCV  
  14  0:18  Supply Depot  
  14  0:25  Refinery  
  15  0:41  Barracks  
  14  0:57  Barracks  
  14  1:05  SCV  
  15  1:28  Orbital Command, Reaper  
  16  1:36  Refinery  
  16  1:45  Reaper  
  17  1:58  SCV  
  17  2:00  Reaper  
  19  2:10  Supply Depot  
  19  2:17  Reaper  
  20  2:24  Factory  
  20  2:28  SCV  
  21  2:39  Reaper  
  21  2:40  SCV  
  22  2:55  SCV, Reaper  
  24  3:07  SCV  
  24  3:12  Cyclone  
  27  3:19  SCV  
  26  3:31  SCV  
  26  3:32  Supply Depot  
  27  3:42  Starport  
  27  3:44  SCV  
  28  3:52  Factory Reactor  
  28  3:56  SCV  
  29  4:08  SCV  
  30  4:13  Liberator  
  25  4:20  SCV  
  25  4:32  SCV  
  25  4:46  SCV  
  25  4:53  Cyclone  
  28  5:00  SCV  
  29  5:12  SCV  
  30  5:17  Viking  
  30  5:20  Cyclone  
  35  5:24  SCV, Supply Depot  
  36  5:35  Engineering Bay  
  35  5:36  SCV  
  36  5:48  SCV  
  36  5:49  Supply Depot  
  37  6:01  SCV  
  37  6:13  SCV  
  37  6:17  Missile Turret  
  34  6:23  Command Center  
Tags
 
Add a new tag
Caveats
  • Supply blocks, unpowered buildings, or Contaminate may cause inaccurate times.
  • Supply counts are checked every 10 seconds.